Canucks vs Devils

Created - 24 novembre 2017 at 15:55

Goals
1 2 3 T
Canucks 2 1 1 4
Devils 1 1 0 2
Shots
1 2 3 T
Canucks 11 8 15 34
Devils 14 7 7 28

1st period

1. Devils , Adam Berti 5 (Sami Vatanen 9, Brandon Sutter 6) at 6:39
2. Canucks , Jannik Hansen 8 (Adam Henrique 9, Reilly Smith 6) at 19:11 (PP)
3. Canucks , Matt Benning 1 (Reilly Smith 7, Brayden Point 1) at 19:45

Penalties :
Jannik Hansen (VAN) for Interference (Minor) at 9:09, Ryan Kesler (NJD) for Holding (Minor) at 17:18

2nd period

4. Devils , Peter Holland 3 (Daniel Paille 5, Antoine Vermette 6) at 5:19
5. Canucks , Jannik Hansen 9 (Alexander Edler 16, Jordan Eberle 9) at 19:15

Penalties :
Rostislav Klesla (NJD) for Hooking (Minor) at 1:44, Yann Sauve (NJD) for Hooking (Minor) at 7:52, Marc Staal (VAN) for High sticking (Minor) at 16:09, Dustin Penner (NJD) for Holding (Minor) at 19:17, Rostislav Klesla (NJD) for Holding (Minor) at 19:34

3rd period

6. Canucks , Jordan Eberle 9 (Radim Vrbata 13, Karl Alzner 13) at 4:15 (PP)

Penalties :
Micki Dupont (NJD) for Roughing (Minor) at 3:07, Micki Dupont (NJD) for Hooking (Minor) at 9:20, Rostislav Klesla (NJD) for Slashing (Minor) at 17:55

Goalie Stats

Cam Talbot (VAN), 26 saves from 28 shots - (0,929), W, 13-5-2, 60:00 minutes
Marek Mazanec (NJD), 30 saves from 34 shots - (0,882), L, 1-2-2, 60:00 minutes

Players Stats for Canucks

Player Name              G  A  P  +/- PIM S  H  SB GA TA FO     MP     PP MP  PK MP  
------------------------------------------------------------------------------------
Adam Henrique            0  1  1  -1  0   3  4  0  0  0  8/11   22:37   7:22   0:16 
Alexander Edler          0  1  1   1  0   1  1  2  0  0  0/0    23:33   7:28   1:04 
Brayden Point            0  1  1   1  0   3  0  0  0  0  7/12   13:19   0:00   0:43 
Jaccob Slavin            0  0  0   1  0   3  0  2  0  0  0/0    23:45   7:28   1:16 
Jannik Hansen            2  0  2   0  2   4  3  0  0  0  0/2    21:45   5:45   0:47 
Jordan Eberle            1  1  2   0  0   7  0  0  0  0  0/0    21:05   5:51   0:00 
Josh Archibald           0  0  0   0  0   0  0  0  0  0  0/0     0:00   0:00   0:00 
Karl Alzner              0  1  1  -1  0   2  1  6  0  0  0/0    22:01   5:45   1:43 
Logan Couture            0  0  0   0  0   1  0  1  0  0  15/32  21:42   5:51   1:47 
Luke Glendening          0  0  0   1  0   2  1  1  0  0  2/6    14:37   0:00   2:01 
Luke Witkowski           0  0  0   0  0   0  0  0  0  0  0/0     0:00   0:00   0:00 
Marc Staal               0  0  0  -1  2   0  1  2  0  0  0/0    18:08   5:45   0:59 
Matt Benning             1  0  1   0  0   1  1  1  0  0  0/0    14:25   0:00   0:43 
Micheal Haley            0  0  0   0  0   0  0  0  0  0  0/0     0:54   0:00   0:54 
Paul Martin              0  0  0   0  0   0  0  0  0  0  0/0    18:07   0:00   2:11 
Radim Vrbata             0  1  1  -1  0   2  0  0  0  0  0/0    21:30   5:51   0:00 
Reilly Smith             0  2  2   1  0   3  3  0  0  0  0/0    20:28   7:22   0:00 
Tomas Plekanec           0  0  0  -1  0   2  2  0  0  0  12/22  18:04   1:37   1:28 

Players Stats for Devils

Player Name              G  A  P  +/- PIM S  H  SB GA TA FO     MP     PP MP  PK MP  
------------------------------------------------------------------------------------
Adam Berti               1  0  1   1  0   3  3  0  0  0  1/1    20:20   1:53   8:28 
Adam Comrie              0  0  0  -1  0   0  0  0  0  0  0/0    14:08   0:00   0:22 
Antoine Vermette         0  1  1   0  0   0  1  1  0  0  13/31  17:39   0:00   7:07 
Artem Anisimov           0  0  0   0  0   0  0  1  0  0  5/10    9:20   0:00   0:00 
Artemi Panarin           0  0  0  -1  0   2  0  0  0  0  0/0    15:03   2:05   0:00 
Auston Matthews          0  0  0   0  0   0  0  0  0  0  0/0     0:00   0:00   0:00 
Brandon Sutter           0  1  1   1  0   3  0  0  0  0  8/14   20:44   0:00   1:25 
Daniel Paille            0  1  1   0  0   1  0  0  0  0  2/3    16:48   1:53   4:23 
Dustin Penner            0  0  0  -1  2   5  4  0  0  0  1/2    15:24   2:05   0:22 
Michal Rozsival          0  0  0   0  0   1  2  0  0  0  0/0    22:54   2:02   5:48 
Micki Dupont             0  0  0   1  4   0  3  3  0  0  0/0    21:22   1:56   5:29 
Nikolai Lemtyugov        0  0  0   1  0   3  0  0  0  0  0/1    12:00   1:53   0:08 
Peter Holland            1  0  1   0  0   3  2  0  0  0  1/1    10:32   0:00   0:00 
Phillip Danault          0  0  0   0  0   1  0  0  0  0  0/0     9:20   0:00   0:00 
Rostislav Klesla         0  0  0   0  6   0  2  1  0  0  0/0    20:56   2:02   3:52 
Ryan Kesler              0  0  0  -1  2   4  3  1  0  0  10/22  19:57   2:05   4:55 
Sami Vatanen             0  1  1   1  0   0  1  3  0  0  0/0    23:42   1:56   7:47 
Yann Sauve               0  0  0  -1  2   2  2  1  0  0  0/0    14:48   0:00   1:03 

3 Stars

1 - Jannik Hansen (VAN)
2 - Reilly Smith (VAN)
3 - Jordan Eberle (VAN)

Power Play

Canucks - 2 on 8 Attempt(s) - 25,00%
Devils - 0 on 2 Attempt(s) - 0,00%

Penalty Kill

Canucks - 2 on 2 Attempt(s) - 100,00% - Score 0 goal in Penalty Kill
Devils - 6 on 8 Attempt(s) - 75,00% - Score 0 goal in Penalty Kill

Team Stat

Canucks - Hits : 17 - Faceoff Wins : 44 - Blocked Shots : 15 - Penalty Minutes : 4
Devils - Hits : 23 - Faceoff Wins : 41 - Blocked Shots : 11 - Penalty Minutes : 16

Official

Referees : Francis Charron and Brad Watson
Linesman : Jared Hoffmeyer and Brad Kovachik

Game Notes

No Game Note

Finance

Level 1 -- Attendance: 3689 (65,70%) -- Ticket Income 549 661 $
Level 2 -- Attendance: 4980 (99,60%) -- Ticket Income 333 660 $
Level 3 -- Attendance: 1819 (90,95%) -- Ticket Income 89 131 $
Level 4 -- Attendance: 2400 (60,00%) -- Ticket Income 115 200 $
Luxury Box -- Attendance: 1000 (100,00%) -- Ticket Income 350 000 $
Game was played at the Prudential Center.
Total Attendance: 13888 (78,84%)
Total Ticket Income: 1 437 652 $
Other Income: 704 449 $
Total Income: 2 142 101 $

Canucks

5 vs 5 Forward 
   Center                   Left Wing                Right Wing               Time % Phy DF OF 
 1 Logan Couture            Jannik Hansen            Jordan Eberle            36     0   2  3  
 2 Tomas Plekanec           Adam Henrique            Radim Vrbata             34     0   2  3  
 3 Brayden Point            Reilly Smith             Luke Glendening          20     0   2  3  
 4 Luke Glendening          Reilly Smith             Brayden Point            10     0   2  3  

5 vs 5 Defense 
   Defense                  Defense                                           Time % Phy DF OF 
 1 Alexander Edler          Jaccob Slavin                                     40     0   3  2  
 2 Karl Alzner              Marc Staal                                        30     0   3  2  
 3 Paul Martin              Matt Benning                                      20     0   3  2  
 4 Paul Martin              Karl Alzner                                       10     0   3  2  

PowerPlay Forward 
   Center                   Left Wing                Right Wing               Time % Phy DF OF 
 1 Logan Couture            Radim Vrbata             Jordan Eberle            55     0   1  4  
 2 Adam Henrique            Reilly Smith             Jannik Hansen            45     0   1  4  

PowerPlay Defense
   Defense                  Defense                                           Time % Phy DF OF 
 1 Jaccob Slavin            Alexander Edler                                   60     0   1  4  
 2 Karl Alzner              Marc Staal                                        40     0   1  4  

Penalty Kill 4 Players Forward 
   Center                   Wing                     Time % Phy DF OF 
 1 Tomas Plekanec           Luke Glendening          55     0   4  1  
 2 Logan Couture            Jannik Hansen            45     0   4  1  

Penalty Kill 4 Players Defense
   Defense                  Defense                  Time % Phy DF OF 
 1 Karl Alzner              Paul Martin              60     0   4  1  
 2 Alexander Edler          Jaccob Slavin            40     0   4  1  

Penalty Kill - 3 Players Forward 
   Forward                                           Time % Phy DF OF 
 1 Luke Glendening                                   55     0   4  1  
 2 Tomas Plekanec                                    45     0   4  1  

Penalty Kill - 3 Players Defense
   Defense                  Defense                  Time % Phy DF OF 
 1 Karl Alzner              Paul Martin              60     0   4  1  
 2 Alexander Edler          Jaccob Slavin            40     0   4  1  

4 vs 4 Forward 
   Center                   Wing                     Time % Phy DF OF 
 1 Adam Henrique            Reilly Smith             60     0   2  3  
 2 Tomas Plekanec           Luke Glendening          40     0   2  3  

4 vs 4 Defense
   Defense                  Defense                  Time % Phy DF OF 
 1 Karl Alzner              Marc Staal               60     0   2  3  
 2 Jaccob Slavin            Paul Martin              40     0   2  3  

Last Minutes Offensive
   Center                   Left Wing                Right Wing               Defense                  Defense                  
   Logan Couture            Radim Vrbata             Jordan Eberle            Alexander Edler          Jaccob Slavin            

Last Minutes Defensive
   Center                   Left Wing                Right Wing               Defense                  Defense                  
   Tomas Plekanec           Logan Couture            Luke Glendening          Karl Alzner              Paul Martin              

Goaltenders
Starting : Cam Talbot               
Backup : Chad Johnson             

Extra Forwards
Normal : Radim Vrbata, Luke Glendening, Reilly Smith - PP : Reilly Smith, Tomas Plekanec - PK : Jannik Hansen
Extra Defensemen
Normal : Paul Martin, Marc Staal, Alexander Edler - PP : Paul Martin - PK : Jaccob Slavin, Marc Staal
Penalty Shots
Logan Couture, Jordan Eberle, Radim Vrbata, Adam Henrique, Alexander Edler
Custom OT Lines Forwards
Logan Couture, Radim Vrbata, Jordan Eberle, Reilly Smith, Adam Henrique, Tomas Plekanec, Brayden Point, Jannik Hansen, Luke Glendening, Paul Martin
Custom OT Lines Defensemen
Alexander Edler, Karl Alzner, Jaccob Slavin, Marc Staal, Paul Martin

Scratches
*Nolan Patrick (Back Injury), Deryk Engelland (Upper Body Injury), T.J. Oshie (Broken Right Index Finger Injury)

Devils

5 vs 5 Forward 
   Center                   Left Wing                Right Wing               Time % Phy DF OF 
 1 Ryan Kesler              Artemi Panarin           Dustin Penner            29     1   1  3  
 2 Brandon Sutter           Adam Berti               Nikolai Lemtyugov        27     0   2  3  
 3 Artem Anisimov           Phillip Danault          Brandon Sutter           24     1   2  2  
 4 Antoine Vermette         Peter Holland            Daniel Paille            20     1   2  2  

5 vs 5 Defense 
   Defense                  Defense                                           Time % Phy DF OF 
 1 Michal Rozsival          Rostislav Klesla                                  34     1   3  1  
 2 Micki Dupont             Sami Vatanen                                      34     0   3  2  
 3 Adam Comrie              Yann Sauve                                        32     1   2  2  
 4 Rostislav Klesla         Micki Dupont                                      0      1   2  2  

PowerPlay Forward 
   Center                   Left Wing                Right Wing               Time % Phy DF OF 
 1 Daniel Paille            Adam Berti               Nikolai Lemtyugov        40     0   1  4  
 2 Ryan Kesler              Artemi Panarin           Dustin Penner            60     0   0  5  

PowerPlay Defense
   Defense                  Defense                                           Time % Phy DF OF 
 1 Michal Rozsival          Rostislav Klesla                                  54     0   2  3  
 2 Micki Dupont             Sami Vatanen                                      46     0   2  3  

Penalty Kill 4 Players Forward 
   Center                   Wing                     Time % Phy DF OF 
 1 Ryan Kesler              Daniel Paille            45     0   4  1  
 2 Antoine Vermette         Adam Berti               55     0   4  1  

Penalty Kill 4 Players Defense
   Defense                  Defense                  Time % Phy DF OF 
 1 Rostislav Klesla         Micki Dupont             60     0   5  0  
 2 Michal Rozsival          Sami Vatanen             40     0   5  0  

Penalty Kill - 3 Players Forward 
   Forward                                           Time % Phy DF OF 
 1 Nikolai Lemtyugov                                 40     0   5  0  
 2 Ryan Kesler                                       60     0   5  0  

Penalty Kill - 3 Players Defense
   Defense                  Defense                  Time % Phy DF OF 
 1 Micki Dupont             Rostislav Klesla         60     0   5  0  
 2 Adam Berti               Michal Rozsival          40     0   5  0  

4 vs 4 Forward 
   Center                   Wing                     Time % Phy DF OF 
 1 Adam Berti               Nikolai Lemtyugov        40     0   2  3  
 2 Ryan Kesler              Artemi Panarin           60     0   2  3  

4 vs 4 Defense
   Defense                  Defense                  Time % Phy DF OF 
 1 Michal Rozsival          Rostislav Klesla         60     1   2  2  
 2 Micki Dupont             Yann Sauve               40     1   2  2  

Last Minutes Offensive
   Center                   Left Wing                Right Wing               Defense                  Defense                  
   Ryan Kesler              Artemi Panarin           Nikolai Lemtyugov        Yann Sauve               Michal Rozsival          

Last Minutes Defensive
   Center                   Left Wing                Right Wing               Defense                  Defense                  
   Ryan Kesler              Daniel Paille            Dustin Penner            Rostislav Klesla         Micki Dupont             

Goaltenders
Starting : Marek Mazanec            
Backup : Antti Niemi              

Extra Forwards
Normal : Artemi Panarin, Ryan Kesler, Nikolai Lemtyugov - PP : Artemi Panarin, Ryan Kesler - PK : Antoine Vermette
Extra Defensemen
Normal : Michal Rozsival, Adam Berti, Rostislav Klesla - PP : Rostislav Klesla - PK : Adam Berti, Micki Dupont
Penalty Shots
Adam Berti, Nikolai Lemtyugov, Ryan Kesler, Artemi Panarin, Michal Rozsival
Custom OT Lines Forwards
Ryan Kesler, Nikolai Lemtyugov, Dustin Penner, Peter Holland, Artemi Panarin, Adam Berti, Brandon Sutter, Antoine Vermette, Daniel Paille, Artem Anisimov
Custom OT Lines Defensemen
Michal Rozsival, Micki Dupont, Rostislav Klesla, Sami Vatanen, Adam Berti

Scratches
Ryan O'Byrne (Healthy), Brian Fahey (Healthy)

% Time on Ice - Canucks

Lines # - Real PCT - Wanted PCT - Time Play
Normal Forward
1 - 36% - 36% - 15:14
2 - 35% - 34% - 14:59
3 - 21% - 20% - 9:00
4 - 8% - 10% - 3:36
Normal Defense
1 - 35% - 40% - 15:01
2 - 29% - 30% - 12:33
3 - 29% - 20% - 12:32
4 - 6% - 10% - 2:43
PP Forward
1 - 44% - 55% - 5:51
2 - 56% - 45% - 7:22
PP Defense
1 - 56% - 60% - 7:28
2 - 44% - 40% - 5:45
PK Forward
1 - 51% - 55% - 2:01
2 - 49% - 45% - 1:57
PK Defense
1 - 68% - 60% - 2:42
2 - 32% - 40% - 1:16
PK3 Forward
1 - 0% - 55%
2 - 0% - 45%
PK3 Defense
1 - 0% - 60%
2 - 0% - 40%
44 Forward
1 - 0% - 60%
2 - 0% - 40%
44 Defense
1 - 0% - 60%
2 - 0% - 40%
Last Minute Offensive  - 0:00
Last Minute Defensive  - 0:00
Total
Forward - 60:00
Defense - 60:00

% Time on Ice - Devils

Lines # - Real PCT - Wanted PCT - Time Play
Normal Forward
1 - 30% - 29% - 12:58
2 - 23% - 27% - 9:59
3 - 22% - 24% - 9:20
4 - 25% - 20% - 10:32
Normal Defense
1 - 35% - 34% - 15:04
2 - 33% - 34% - 13:59
3 - 32% - 32% - 13:46
4 - 0% - 0% - 0:00
PP Forward
1 - 47% - 40% - 1:53
2 - 53% - 60% - 2:05
PP Defense
1 - 51% - 54% - 2:02
2 - 49% - 46% - 1:56
PK Forward
1 - 37% - 45% - 4:18
2 - 63% - 55% - 7:13
PK Defense
1 - 72% - 60% - 8:17
2 - 28% - 40% - 3:14
PK3 Forward
1 - 8% - 40% - 0:08
2 - 92% - 60% - 1:34
PK3 Defense
1 - 92% - 60% - 1:34
2 - 8% - 40% - 0:08
44 Forward
1 - 0% - 40%
2 - 0% - 60%
44 Defense
1 - 0% - 60%
2 - 0% - 40%
Last Minute Offensive  - 0:00
Last Minute Defensive  - 0:00
Total
Forward - 60:00
Defense - 60:00

Play by Play

1st period


0:01 of 1st period - Logan Couture wins face-off versus Ryan Kesler in neutral zone.
0:01 of 1st period - Logan Couture is hit by Ryan Kesler.
0:15 of 1st period - Shot by Jannik Hansen.
0:15 of 1st period - Shot Blocked by Rostislav Klesla.
0:33 of 1st period - Shot by Artemi Panarin.
0:33 of 1st period - Shot Hit the Post.
0:35 of 1st period - Shot by Dustin Penner.
0:35 of 1st period - Shot Blocked by Alexander Edler.
0:37 of 1st period - Shot by Ryan Kesler.
0:37 of 1st period - Shot Blocked by Jaccob Slavin.
1:17 of 1st period - Shot by Brandon Sutter.
1:17 of 1st period - Shot Misses the Net.
1:20 of 1st period - Icing by Karl Alzner.
1:21 of 1st period - Peter Holland wins face-off versus Tomas Plekanec in Canucks zone.
1:33 of 1st period - Shot by Antoine Vermette.
1:33 of 1st period - Shot Hit the Post.
1:41 of 1st period - Shot by Peter Holland.
1:41 of 1st period - Stopped by Cam Talbot without a rebound.
1:42 of 1st period - Brayden Point wins face-off versus Artem Anisimov in Canucks zone.
1:49 of 1st period - Shot by Paul Martin.
1:49 of 1st period - Shot Misses the Net.
1:51 of 1st period - Shot by Brayden Point.
1:51 of 1st period - Shot Misses the Net.
1:53 of 1st period - Shot by Brayden Point.
1:53 of 1st period - Stopped by Marek Mazanec without a rebound.
1:54 of 1st period - Tomas Plekanec wins face-off versus Antoine Vermette in Devils zone.
1:57 of 1st period - Shot by Radim Vrbata.
1:57 of 1st period - Shot Misses the Net.
2:03 of 1st period - Karl Alzner is hit by Peter Holland and loses puck.
3:12 of 1st period - Shot by Artem Anisimov.
3:12 of 1st period - Shot Blocked by Karl Alzner.
3:14 of 1st period - Shot by Artem Anisimov.
3:14 of 1st period - Shot Blocked by Karl Alzner.
3:16 of 1st period - Shot by Artem Anisimov.
3:16 of 1st period - Shot Blocked by Karl Alzner.
4:05 of 1st period - Shot by Dustin Penner.
4:05 of 1st period - Stopped by Cam Talbot without a rebound.
4:06 of 1st period - Daniel Paille wins face-off versus Brayden Point in Canucks zone.
4:21 of 1st period - Shot by Daniel Paille.
4:21 of 1st period - Stopped by Cam Talbot without a rebound.
4:22 of 1st period - Ryan Kesler wins face-off versus Logan Couture in Canucks zone.
4:57 of 1st period - Shot by Artemi Panarin.
4:57 of 1st period - Shot Misses the Net.
4:59 of 1st period - Shot by Ryan Kesler.
4:59 of 1st period - Stopped by Cam Talbot without a rebound.
5:00 of 1st period - Brandon Sutter wins face-off versus Brayden Point in Canucks zone.
5:01 of 1st period - Shot by Nikolai Lemtyugov.
5:01 of 1st period - Stopped by Cam Talbot without a rebound.
5:02 of 1st period - Brandon Sutter wins face-off versus Brayden Point in Canucks zone.
5:03 of 1st period - Shot by Adam Berti.
5:03 of 1st period - Shot Blocked by Alexander Edler.
5:24 of 1st period - Icing by Alexander Edler.
5:25 of 1st period - Brayden Point wins face-off versus Antoine Vermette in Canucks zone.
5:36 of 1st period - Shot by Brayden Point.
5:36 of 1st period - Stopped by Marek Mazanec without a rebound.
5:37 of 1st period - Brandon Sutter wins face-off versus Logan Couture in Devils zone.
5:37 of 1st period - Brandon Sutter is hit by Jannik Hansen.
5:52 of 1st period - Shot by Nikolai Lemtyugov.
5:52 of 1st period - Shot Blocked by Logan Couture.
5:54 of 1st period - Shot by Nikolai Lemtyugov.
5:54 of 1st period - Stopped by Cam Talbot without a rebound.
5:55 of 1st period - Dustin Penner wins face-off versus Luke Glendening in Canucks zone.
6:34 of 1st period - Shot by Dustin Penner.
6:34 of 1st period - Stopped by Cam Talbot without a rebound.
6:35 of 1st period - Brandon Sutter wins face-off versus Logan Couture in Canucks zone.
6:35 of 1st period - Brandon Sutter is hit by Matt Benning.
6:37 of 1st period - Shot by Sami Vatanen.
6:37 of 1st period - Shot Blocked by Matt Benning.
6:39 of 1st period - Shot by Adam Berti.
6:39 of 1st period - Goal by Adam Berti - Canucks : 0 - Devils : 1.
6:40 of 1st period - Logan Couture wins face-off versus Brandon Sutter in neutral zone.
6:40 of 1st period - Logan Couture is hit by Adam Berti.
6:47 of 1st period - Shot by Jordan Eberle.
6:47 of 1st period - Shot Misses the Net.
6:51 of 1st period - Shot by Jordan Eberle.
6:51 of 1st period - Stopped by Marek Mazanec without a rebound.
6:52 of 1st period - Artem Anisimov wins face-off versus Tomas Plekanec in Devils zone.
7:36 of 1st period - Shot by Radim Vrbata.
7:36 of 1st period - Shot Misses the Net.
8:04 of 1st period - Jaccob Slavin is hit by Antoine Vermette and loses puck.
9:09 of 1st period - Minor Penalty to Jannik Hansen for Interference.
9:10 of 1st period - Logan Couture wins face-off versus Daniel Paille in Canucks zone.
10:03 of 1st period - Shot by Dustin Penner.
10:03 of 1st period - Shot Blocked by Marc Staal.
10:13 of 1st period - Shot by Artemi Panarin.
10:13 of 1st period - Stopped by Cam Talbot with a rebound.
10:25 of 1st period - Shot by Sami Vatanen.
10:25 of 1st period - Shot Misses the Net.
11:04 of 1st period - Shot by Rostislav Klesla.
11:04 of 1st period - Shot Misses the Net.
11:34 of 1st period - Shot by Jordan Eberle.
11:34 of 1st period - Deflect By Reilly Smith.
11:34 of 1st period - Shot Misses the Net.
11:48 of 1st period - Shot by Brandon Sutter.
11:48 of 1st period - Stopped by Cam Talbot with a rebound.
11:50 of 1st period - Shot by Phillip Danault.
11:50 of 1st period - Shot Misses the Net.
12:41 of 1st period - Icing by Alexander Edler.
12:42 of 1st period - Adam Berti wins face-off versus Tomas Plekanec in Canucks zone.
12:51 of 1st period - Shot by Radim Vrbata.
12:51 of 1st period - Shot Misses the Net.
12:53 of 1st period - Shot by Tomas Plekanec.
12:53 of 1st period - Shot Misses the Net.
13:40 of 1st period - Shot by Dustin Penner.
13:40 of 1st period - Shot Misses the Net.
13:42 of 1st period - Shot by Ryan Kesler.
13:42 of 1st period - Shot Misses the Net.
13:44 of 1st period - Shot by Ryan Kesler.
13:44 of 1st period - Shot Blocked by Marc Staal.
13:46 of 1st period - Shot by Yann Sauve.
13:46 of 1st period - Stopped by Cam Talbot without a rebound.
13:47 of 1st period - Logan Couture wins face-off versus Ryan Kesler in Canucks zone.
13:47 of 1st period - Logan Couture is hit by Dustin Penner.
14:59 of 1st period - Icing by Karl Alzner.
15:00 of 1st period - Brandon Sutter wins face-off versus Tomas Plekanec in Canucks zone.
15:27 of 1st period - Shot by Micki Dupont.
15:27 of 1st period - Shot Misses the Net.
15:33 of 1st period - Radim Vrbata is hit by Adam Berti and loses puck.
15:39 of 1st period - Karl Alzner is hit by Micki Dupont and loses puck.
15:53 of 1st period - Brandon Sutter is hit by Reilly Smith and loses puck.
16:14 of 1st period - Nikolai Lemtyugov is hit by Luke Glendening and loses puck.
16:19 of 1st period - Shot by Reilly Smith.
16:19 of 1st period - Shot Misses the Net.
16:21 of 1st period - Shot by Luke Glendening.
16:21 of 1st period - Stopped by Marek Mazanec without a rebound.
16:22 of 1st period - Logan Couture wins face-off versus Antoine Vermette in Devils zone.
16:25 of 1st period - Shot by Jordan Eberle.
16:25 of 1st period - Stopped by Marek Mazanec without a rebound.
16:26 of 1st period - Antoine Vermette wins face-off versus Logan Couture in Devils zone.
17:09 of 1st period - Shot by Jordan Eberle.
17:09 of 1st period - Stopped by Marek Mazanec without a rebound.
17:10 of 1st period - Ryan Kesler wins face-off versus Luke Glendening in Devils zone.
17:18 of 1st period - Minor Penalty to Ryan Kesler for Holding.
17:19 of 1st period - Antoine Vermette wins face-off versus Adam Henrique in Devils zone.
17:47 of 1st period - Shot by Brandon Sutter.
17:47 of 1st period - Stopped by Cam Talbot without a rebound.
17:48 of 1st period - Antoine Vermette wins face-off versus Logan Couture in Canucks zone.
17:49 of 1st period - Shot by Adam Berti.
17:49 of 1st period - Stopped by Cam Talbot without a rebound.
17:50 of 1st period - Antoine Vermette wins face-off versus Logan Couture in Canucks zone.
18:27 of 1st period - Jaccob Slavin is hit by Rostislav Klesla and loses puck.
18:32 of 1st period - Shot by Alexander Edler.
18:32 of 1st period - Shot Misses the Net.
18:46 of 1st period - Sami Vatanen is hit by Reilly Smith and loses puck.
18:55 of 1st period - Shot by Marc Staal.
18:55 of 1st period - Shot Misses the Net.
18:57 of 1st period - Shot by Jannik Hansen.
18:57 of 1st period - Shot Blocked by Sami Vatanen.
18:59 of 1st period - Shot by Marc Staal.
18:59 of 1st period - Shot Misses the Net.
19:01 of 1st period - Shot by Marc Staal.
19:01 of 1st period - Shot Misses the Net.
19:04 of 1st period - Adam Henrique is hit by Michal Rozsival and loses puck.
19:11 of 1st period - Shot by Jannik Hansen.
19:11 of 1st period - Goal by Jannik Hansen - Canucks : 1 - Devils : 1.
19:12 of 1st period - Brayden Point wins face-off versus Ryan Kesler in neutral zone.
19:17 of 1st period - Shot by Luke Glendening.
19:17 of 1st period - Stopped by Marek Mazanec with a rebound.
19:37 of 1st period - Shot by Ryan Kesler.
19:37 of 1st period - Stopped by Cam Talbot with a rebound.
19:43 of 1st period - Shot by Reilly Smith.
19:43 of 1st period - Stopped by Marek Mazanec with a rebound.
19:45 of 1st period - Shot by Matt Benning.
19:45 of 1st period - Goal by Matt Benning - Canucks : 2 - Devils : 1.
19:46 of 1st period - Adam Henrique wins face-off versus Artem Anisimov in neutral zone.
19:53 of 1st period - Shot by Brandon Sutter.
19:53 of 1st period - Shot Blocked by Karl Alzner.
19:59 of 1st period - Shot by Karl Alzner.
19:59 of 1st period - Stopped by Marek Mazanec without a rebound.
Goals for this period are 2 for Canucks vs 1 for Devils.
Shots for this period are 11 for Canucks vs 14 for Devils.

2nd period


0:01 of 2nd period - Logan Couture wins face-off versus Brandon Sutter in neutral zone.
0:28 of 2nd period - Shot by Jannik Hansen.
0:28 of 2nd period - Shot Misses the Net.
0:30 of 2nd period - Shot by Paul Martin.
0:30 of 2nd period - Shot Misses the Net.
0:55 of 2nd period - Reilly Smith is hit by Micki Dupont and loses puck.
0:58 of 2nd period - Shot by Brayden Point.
0:58 of 2nd period - Shot Misses the Net.
1:00 of 2nd period - Shot by Brayden Point.
1:00 of 2nd period - Deflect By Reilly Smith.
1:00 of 2nd period - Shot Misses the Net.
1:21 of 2nd period - Brayden Point is hit by Micki Dupont and loses puck.
1:26 of 2nd period - Shot by Reilly Smith.
1:26 of 2nd period - Stopped by Marek Mazanec without a rebound.
1:27 of 2nd period - Tomas Plekanec wins face-off versus Ryan Kesler in Devils zone.
1:27 of 2nd period - Tomas Plekanec is hit by Rostislav Klesla.
1:37 of 2nd period - Shot by Adam Henrique.
1:37 of 2nd period - Stopped by Marek Mazanec with a rebound.
1:44 of 2nd period - Minor Penalty to Rostislav Klesla for Hooking.
1:45 of 2nd period - Logan Couture wins face-off versus Ryan Kesler in Devils zone.
1:56 of 2nd period - Logan Couture is hit by Michal Rozsival and loses puck.
2:09 of 2nd period - Shot by Jordan Eberle.
2:09 of 2nd period - Stopped by Marek Mazanec with a rebound.
2:59 of 2nd period - Adam Berti is hit by Jannik Hansen and loses puck.
3:24 of 2nd period - Shot by Brandon Sutter.
3:24 of 2nd period - Shot Misses the Net.
3:26 of 2nd period - Shot by Dustin Penner.
3:26 of 2nd period - Stopped by Cam Talbot without a rebound.
3:27 of 2nd period - Antoine Vermette wins face-off versus Logan Couture in Canucks zone.
5:09 of 2nd period - Shot by Ryan Kesler.
5:09 of 2nd period - Stopped by Cam Talbot without a rebound.
5:10 of 2nd period - Tomas Plekanec wins face-off versus Antoine Vermette in Canucks zone.
5:19 of 2nd period - Shot by Peter Holland.
5:19 of 2nd period - Goal by Peter Holland - Canucks : 2 - Devils : 2.
5:20 of 2nd period - Tomas Plekanec wins face-off versus Antoine Vermette in neutral zone.
5:41 of 2nd period - Micki Dupont is hit by Adam Henrique.
6:05 of 2nd period - Sami Vatanen is hit by Adam Henrique and loses puck.
6:27 of 2nd period - Icing by Alexander Edler.
6:28 of 2nd period - Logan Couture wins face-off versus Artem Anisimov in Canucks zone.
6:32 of 2nd period - Off-side.
6:33 of 2nd period - Artem Anisimov wins face-off versus Logan Couture in neutral zone.
7:52 of 2nd period - Minor Penalty to Yann Sauve for Hooking.
7:53 of 2nd period - Adam Henrique wins face-off versus Antoine Vermette in Devils zone.
8:01 of 2nd period - Icing by Reilly Smith.
8:02 of 2nd period - Adam Henrique wins face-off versus Antoine Vermette in Canucks zone.
8:35 of 2nd period - Shot by Jaccob Slavin.
8:35 of 2nd period - Shot Blocked by Micki Dupont.
8:37 of 2nd period - Shot by Alexander Edler.
8:37 of 2nd period - Shot Misses the Net.
8:39 of 2nd period - Shot by Reilly Smith.
8:39 of 2nd period - Shot Misses the Net.
8:41 of 2nd period - Shot by Alexander Edler.
8:41 of 2nd period - Shot Blocked by Micki Dupont.
9:09 of 2nd period - Shot by Karl Alzner.
9:09 of 2nd period - Stopped by Marek Mazanec without a rebound.
9:10 of 2nd period - Adam Henrique wins face-off versus Antoine Vermette in Devils zone.
9:10 of 2nd period - Marc Staal is hit by Sami Vatanen and loses puck.
10:03 of 2nd period - Shot by Brayden Point.
10:03 of 2nd period - Shot Misses the Net.
10:31 of 2nd period - Shot by Artemi Panarin.
10:31 of 2nd period - Deflect By Ryan Kesler.
10:31 of 2nd period - Stopped by Cam Talbot without a rebound.
10:32 of 2nd period - Logan Couture wins face-off versus Artem Anisimov in Canucks zone.
11:22 of 2nd period - Off-side.
11:23 of 2nd period - Antoine Vermette wins face-off versus Luke Glendening in neutral zone.
11:40 of 2nd period - Shot by Daniel Paille.
11:40 of 2nd period - Shot Misses the Net.
11:42 of 2nd period - Shot by Michal Rozsival.
11:42 of 2nd period - Stopped by Cam Talbot without a rebound.
11:43 of 2nd period - Ryan Kesler wins face-off versus Tomas Plekanec in Canucks zone.
11:50 of 2nd period - Icing by Paul Martin.
11:51 of 2nd period - Ryan Kesler wins face-off versus Tomas Plekanec in Canucks zone.
12:02 of 2nd period - Shot by Radim Vrbata.
12:02 of 2nd period - Shot Misses the Net.
12:20 of 2nd period - Shot by Adam Henrique.
12:20 of 2nd period - Shot Misses the Net.
12:22 of 2nd period - Shot by Adam Henrique.
12:22 of 2nd period - Shot Blocked by Ryan Kesler.
12:24 of 2nd period - Shot by Tomas Plekanec.
12:24 of 2nd period - Stopped by Marek Mazanec without a rebound.
12:25 of 2nd period - Brandon Sutter wins face-off versus Logan Couture in Devils zone.
12:58 of 2nd period - Shot by Brandon Sutter.
12:58 of 2nd period - Shot Misses the Net.
13:43 of 2nd period - Rostislav Klesla is hit by Adam Henrique.
13:56 of 2nd period - Icing by Michal Rozsival.
13:57 of 2nd period - Antoine Vermette wins face-off versus Brayden Point in Devils zone.
13:57 of 2nd period - Antoine Vermette is hit by Reilly Smith.
14:51 of 2nd period - Icing by Luke Glendening.
14:52 of 2nd period - Brayden Point wins face-off versus Brandon Sutter in Canucks zone.
14:52 of 2nd period - Paul Martin is hit by Adam Berti.
15:15 of 2nd period - Adam Berti is hit by Karl Alzner and loses puck.
15:18 of 2nd period - Shot by Brandon Sutter.
15:18 of 2nd period - Stopped by Cam Talbot without a rebound.
15:19 of 2nd period - Ryan Kesler wins face-off versus Jannik Hansen in Canucks zone.
15:47 of 2nd period - Off-side.
15:48 of 2nd period - Brandon Sutter wins face-off versus Tomas Plekanec in neutral zone.
15:48 of 2nd period - Sami Vatanen is hit by Tomas Plekanec and loses puck.
15:53 of 2nd period - Sami Vatanen is hit by Adam Henrique and loses puck.
16:09 of 2nd period - Minor Penalty to Marc Staal for High sticking.
16:10 of 2nd period - Tomas Plekanec wins face-off versus Ryan Kesler in Canucks zone.
16:48 of 2nd period - Shot by Michal Rozsival.
16:48 of 2nd period - Shot Misses the Net.
16:53 of 2nd period - Dustin Penner is hit by Alexander Edler and loses puck.
17:18 of 2nd period - Shot by Daniel Paille.
17:18 of 2nd period - Shot Blocked by Luke Glendening.
17:25 of 2nd period - Icing by Daniel Paille.
17:26 of 2nd period - Daniel Paille wins face-off versus Tomas Plekanec in Devils zone.
18:03 of 2nd period - Alexander Edler is hit by Dustin Penner and loses puck.
18:26 of 2nd period - Icing by Adam Comrie.
18:27 of 2nd period - Artem Anisimov wins face-off versus Luke Glendening in Devils zone.
18:43 of 2nd period - Phillip Danault is hit by Marc Staal and loses puck.
18:56 of 2nd period - Shot by Phillip Danault.
18:56 of 2nd period - Shot Hit the Post.
18:58 of 2nd period - Shot by Phillip Danault.
18:58 of 2nd period - Stopped by Cam Talbot without a rebound.
18:59 of 2nd period - Antoine Vermette wins face-off versus Logan Couture in Canucks zone.
19:15 of 2nd period - Shot by Jannik Hansen.
19:15 of 2nd period - Goal by Jannik Hansen - Canucks : 3 - Devils : 2.
19:16 of 2nd period - Tomas Plekanec wins face-off versus Ryan Kesler in neutral zone.
19:16 of 2nd period - Tomas Plekanec is hit by Dustin Penner.
19:17 of 2nd period - Minor Penalty to Dustin Penner for Holding.
19:18 of 2nd period - Logan Couture wins face-off versus Antoine Vermette in Devils zone.
19:27 of 2nd period - Shot by Jaccob Slavin.
19:27 of 2nd period - Stopped by Marek Mazanec without a rebound.
19:28 of 2nd period - Logan Couture wins face-off versus Antoine Vermette in Devils zone.
19:33 of 2nd period - Shot by Radim Vrbata.
19:33 of 2nd period - Shot Blocked by Micki Dupont.
19:34 of 2nd period - Minor Penalty to Rostislav Klesla for Holding.
19:35 of 2nd period - Logan Couture wins face-off versus Ryan Kesler in Devils zone.
19:56 of 2nd period - Shot by Jordan Eberle.
19:56 of 2nd period - Stopped by Marek Mazanec with a rebound.
Goals for this period are 1 for Canucks vs 1 for Devils.
Shots for this period are 8 for Canucks vs 7 for Devils.

3rd period


0:01 of 3rd period - Ryan Kesler wins face-off versus Logan Couture in neutral zone.
0:26 of 3rd period - Shot by Jordan Eberle.
0:26 of 3rd period - Stopped by Marek Mazanec without a rebound.
0:27 of 3rd period - Adam Henrique wins face-off versus Ryan Kesler in Devils zone.
1:48 of 3rd period - Shot by Brayden Point.
1:48 of 3rd period - Stopped by Marek Mazanec with a rebound.
1:51 of 3rd period - Icing by Yann Sauve.
1:52 of 3rd period - Tomas Plekanec wins face-off versus Artem Anisimov in Devils zone.
2:05 of 3rd period - Tomas Plekanec is hit by Yann Sauve.
2:15 of 3rd period - Shot by Adam Henrique.
2:15 of 3rd period - Stopped by Marek Mazanec without a rebound.
2:16 of 3rd period - Logan Couture wins face-off versus Antoine Vermette in Devils zone.
2:53 of 3rd period - Paul Martin is hit by Peter Holland and loses puck.
3:07 of 3rd period - Minor Penalty to Micki Dupont for Roughing.
3:08 of 3rd period - Antoine Vermette wins face-off versus Adam Henrique in Devils zone.
3:23 of 3rd period - Shot by Alexander Edler.
3:23 of 3rd period - Stopped by Marek Mazanec with a rebound.
3:47 of 3rd period - Shot by Jaccob Slavin.
3:47 of 3rd period - Stopped by Marek Mazanec without a rebound.
3:48 of 3rd period - Antoine Vermette wins face-off versus Logan Couture in Devils zone.
4:15 of 3rd period - Shot by Jordan Eberle.
4:15 of 3rd period - Goal by Jordan Eberle - Canucks : 4 - Devils : 2.
4:16 of 3rd period - Artem Anisimov wins face-off versus Brayden Point in neutral zone.
4:45 of 3rd period - Shot by Reilly Smith.
4:45 of 3rd period - Shot Misses the Net.
4:52 of 3rd period - Shot by Luke Glendening.
4:52 of 3rd period - Shot Misses the Net.
4:58 of 3rd period - Shot by Reilly Smith.
4:58 of 3rd period - Shot Blocked by Yann Sauve.
5:09 of 3rd period - Artem Anisimov is hit by Tomas Plekanec and loses puck.
6:12 of 3rd period - Shot by Logan Couture.
6:12 of 3rd period - Deflect By Jannik Hansen.
6:12 of 3rd period - Stopped by Marek Mazanec without a rebound.
6:13 of 3rd period - Logan Couture wins face-off versus Antoine Vermette in Devils zone.
6:48 of 3rd period - Shot by Logan Couture.
6:48 of 3rd period - Stopped by Marek Mazanec without a rebound.
6:49 of 3rd period - Luke Glendening wins face-off versus Brandon Sutter in Devils zone.
7:55 of 3rd period - Icing by Matt Benning.
7:56 of 3rd period - Luke Glendening wins face-off versus Antoine Vermette in Canucks zone.
8:37 of 3rd period - Shot by Tomas Plekanec.
8:37 of 3rd period - Stopped by Marek Mazanec without a rebound.
8:38 of 3rd period - Ryan Kesler wins face-off versus Logan Couture in Devils zone.
9:09 of 3rd period - Shot by Logan Couture.
9:09 of 3rd period - Shot Blocked by Sami Vatanen.
9:15 of 3rd period - Shot by Logan Couture.
9:15 of 3rd period - Shot Misses the Net.
9:20 of 3rd period - Minor Penalty to Micki Dupont for Hooking.
9:21 of 3rd period - Adam Henrique wins face-off versus Antoine Vermette in Devils zone.
9:22 of 3rd period - Shot by Alexander Edler.
9:22 of 3rd period - Shot Misses the Net.
10:37 of 3rd period - Icing by Logan Couture.
10:38 of 3rd period - Logan Couture wins face-off versus Antoine Vermette in Canucks zone.
10:49 of 3rd period - Shot by Radim Vrbata.
10:49 of 3rd period - Stopped by Marek Mazanec without a rebound.
10:50 of 3rd period - Ryan Kesler wins face-off versus Jannik Hansen in Devils zone.
10:50 of 3rd period - Ryan Kesler is hit by Jannik Hansen.
11:02 of 3rd period - Shot by Jaccob Slavin.
11:02 of 3rd period - Shot Misses the Net.
11:04 of 3rd period - Shot by Adam Henrique.
11:04 of 3rd period - Stopped by Marek Mazanec with a rebound.
11:06 of 3rd period - Shot by Alexander Edler.
11:06 of 3rd period - Shot Blocked by Antoine Vermette.
11:39 of 3rd period - Shot by Yann Sauve.
11:39 of 3rd period - Stopped by Cam Talbot without a rebound.
11:40 of 3rd period - Brayden Point wins face-off versus Ryan Kesler in Canucks zone.
12:03 of 3rd period - Shot by Ryan Kesler.
12:03 of 3rd period - Shot Blocked by Karl Alzner.
12:09 of 3rd period - Shot by Artemi Panarin.
12:09 of 3rd period - Stopped by Cam Talbot with a rebound.
12:11 of 3rd period - Shot by Dustin Penner.
12:11 of 3rd period - Stopped by Cam Talbot without a rebound.
12:12 of 3rd period - Artem Anisimov wins face-off versus Tomas Plekanec in Canucks zone.
12:20 of 3rd period - Icing by Alexander Edler.
12:21 of 3rd period - Brandon Sutter wins face-off versus Tomas Plekanec in Canucks zone.
12:37 of 3rd period - Off-side.
12:38 of 3rd period - Ryan Kesler wins face-off versus Logan Couture in neutral zone.
12:41 of 3rd period - Karl Alzner is hit by Ryan Kesler and loses puck.
12:51 of 3rd period - Karl Alzner is hit by Ryan Kesler and loses puck.
13:04 of 3rd period - Shot by Dustin Penner.
13:04 of 3rd period - Deflect By Ryan Kesler.
13:04 of 3rd period - Shot Blocked by Karl Alzner.
13:06 of 3rd period - Shot by Dustin Penner.
13:06 of 3rd period - Stopped by Cam Talbot without a rebound.
13:07 of 3rd period - Brayden Point wins face-off versus Brandon Sutter in Canucks zone.
13:16 of 3rd period - Shot by Nikolai Lemtyugov.
13:16 of 3rd period - Shot Blocked by Jaccob Slavin.
13:28 of 3rd period - Shot by Brandon Sutter.
13:28 of 3rd period - Shot Misses the Net.
13:30 of 3rd period - Shot by Nikolai Lemtyugov.
13:30 of 3rd period - Stopped by Cam Talbot without a rebound.
13:31 of 3rd period - Tomas Plekanec wins face-off versus Antoine Vermette in Canucks zone.
13:51 of 3rd period - Icing by Antoine Vermette.
13:52 of 3rd period - Antoine Vermette wins face-off versus Logan Couture in Devils zone.
14:11 of 3rd period - Shot by Antoine Vermette.
14:11 of 3rd period - Shot Misses the Net.
14:29 of 3rd period - Shot by Jannik Hansen.
14:29 of 3rd period - Shot Blocked by Sami Vatanen.
15:00 of 3rd period - Icing by Karl Alzner.
15:01 of 3rd period - Tomas Plekanec wins face-off versus Ryan Kesler in Canucks zone.
15:01 of 3rd period - Tomas Plekanec is hit by Dustin Penner.
15:04 of 3rd period - Icing by Karl Alzner.
15:05 of 3rd period - Tomas Plekanec wins face-off versus Brandon Sutter in Canucks zone.
15:43 of 3rd period - Shot by Radim Vrbata.
15:43 of 3rd period - Stopped by Marek Mazanec without a rebound.
15:44 of 3rd period - Brayden Point wins face-off versus Ryan Kesler in Devils zone.
15:44 of 3rd period - Brayden Point is hit by Yann Sauve.
16:36 of 3rd period - Shot by Antoine Vermette.
16:36 of 3rd period - Shot Misses the Net.
16:38 of 3rd period - Shot by Peter Holland.
16:38 of 3rd period - Stopped by Cam Talbot without a rebound.
16:39 of 3rd period - Tomas Plekanec wins face-off versus Nikolai Lemtyugov in Canucks zone.
16:59 of 3rd period - Shot by Nikolai Lemtyugov.
16:59 of 3rd period - Shot Misses the Net.
17:01 of 3rd period - Shot by Brandon Sutter.
17:01 of 3rd period - Shot Misses the Net.
17:09 of 3rd period - Shot by Adam Berti.
17:09 of 3rd period - Stopped by Cam Talbot without a rebound.
17:10 of 3rd period - Antoine Vermette wins face-off versus Logan Couture in Canucks zone.
17:24 of 3rd period - Off-side.
17:25 of 3rd period - Tomas Plekanec wins face-off versus Dustin Penner in neutral zone.
17:46 of 3rd period - Shot by Radim Vrbata.
17:46 of 3rd period - Shot Misses the Net.
17:55 of 3rd period - Minor Penalty to Rostislav Klesla for Slashing.
17:56 of 3rd period - Antoine Vermette wins face-off versus Logan Couture in Devils zone.
18:56 of 3rd period - Icing by Marc Staal.
18:57 of 3rd period - Adam Henrique wins face-off versus Antoine Vermette in Canucks zone.
19:14 of 3rd period - Shot by Jannik Hansen.
19:14 of 3rd period - Stopped by Marek Mazanec without a rebound.
19:15 of 3rd period - Adam Henrique wins face-off versus Antoine Vermette in Devils zone.
19:24 of 3rd period - Shot by Reilly Smith.
19:24 of 3rd period - Stopped by Marek Mazanec without a rebound.
19:25 of 3rd period - Ryan Kesler wins face-off versus Adam Henrique in Devils zone.
19:53 of 3rd period - Shot by Jaccob Slavin.
19:53 of 3rd period - Stopped by Marek Mazanec with a rebound.
19:55 of 3rd period - Shot by Jaccob Slavin.
19:55 of 3rd period - Shot Misses the Net.
19:59 of 3rd period - Shot by Logan Couture.
19:59 of 3rd period - Shot Blocked by Artem Anisimov.
Goals for this period are 1 for Canucks vs 0 for Devils.
Shots for this period are 15 for Canucks vs 7 for Devils.